Map: Royal Blood LE

Players

A.I. 1 (Very Easy) - Winner!

  • Race: Protoss Protoss
  • Spawn Location: 1:00

flashandfoul

  • Race: Protoss Protoss
  • Spawn Location: 7:00

VOD

Have the link to the VOD?

Description

Time

  • Played on: Jan. 24, 2023, 7:37 p.m.
  • Length: 8:02
Show
View Real Time Build Order
Export as new Build Order

A.I. 1 (Very Easy) Protoss - Winner!

Build Orders:  

Get SALT Encoding   

  6  0:00  Probe  
  13  0:13  Probe  
  14  0:19  Pylon  
  14  0:37  Assimilator  
  14  0:43  Gateway  
  14  0:47  Pylon  
  14  1:13  Assimilator  
  14  1:17  Probe  
  14  1:25  Probe  
  16  1:33  Cybernetics Core, Probe  
  17  1:43  Probe  
  18  1:55  Probe  
  18  1:59  Warp Gate  
  19  2:03  Probe  
  20  2:10  Stalker  
  22  5:23  Zealot  
  22  5:24  Probe  
  22  5:26  Pylon  
  22  5:27  Robotics Facility  
  25  5:33  Probe  
  25  5:41  Probe  
  27  5:51  Probe  
  26  5:57  Pylon  
  26  6:03  Probe  
  27  6:15  Probe, Observer  
  27  6:18  Zealot  
  31  6:36  Observer  
  32  7:01  Nexus  
  32  7:13  Stalker  
Show
View Real Time Build Order
Export as new Build Order

flashandfoul Protoss 

Build Orders: Archon Immortal 

Get SALT Encoding   

  6  0:00  Probe  
  13  0:12  Probe  
  14  0:17  Pylon  
  14  0:24  Probe  
  15  0:36  Gateway, Probe (Chrono Boost)  
  16  0:47  Assimilator  
  16  0:48  Probe (Chrono Boost)  
  17  0:53  Probe (Chrono Boost)  
  17  0:55  Assimilator  
  18  1:03  Probe  
  19  1:07  Gateway  
  19  1:15  Probe  
  20  1:23  Cybernetics Core  
  20  1:27  Probe (Chrono Boost)  
  20  1:30  Pylon  
  21  1:38  Probe (Chrono Boost)  
  22  1:43  Probe (Chrono Boost)  
  23  1:53  Probe  
  24  1:58  Warp Gate (Chrono Boost)  
  24  1:59  Stalker x2  
  28  2:13  Pylon  
  28  2:28  Sentry  
  30  2:33  Nexus  
  30  2:42  Robotics Facility  
  30  2:46  Probe  
  31  2:56  Sentry  
  31  2:58  Probe  
  34  3:04  Shield Battery  
  34  3:06  Pylon  
  34  3:10  Probe  
  35  3:22  Probe  
  36  3:30  Immortal  
  40  3:34  Probe  
  40  3:39  Stalker  
  43  3:46  Probe (Chrono Boost)  
  44  3:49  Stalker  
  44  3:52  Probe (Chrono Boost)  
  47  3:58  Probe (Chrono Boost)  
  47  4:02  Probe (Chrono Boost)  
  49  4:04  Probe (Chrono Boost)  
  49  4:05  Forge  
  49  4:07  Probe (Chrono Boost)  
  52  4:10  Observer  
  52  4:11  Pylon  
  52  4:13  Probe  
  53  4:17  Probe  
  54  4:25  Probe  
  54  4:29  Probe  
  54  4:31  Immortal  
  60  4:34  Protoss Ground Weapons Level 1 (Chrono Boost)  
  60  4:37  Probe  
  61  4:41  Probe  
  61  4:45  Gateway  
  62  4:49  Gateway, Probe  
  63  4:53  Twilight Council  
  63  4:54  Probe  
  64  5:00  Assimilator  
  64  5:01  Probe  
  64  5:03  Assimilator  
  64  5:06  Probe  
  66  5:10  Pylon  
  66  5:14  Immortal  
  70  5:29  Nexus  
  70  5:30  Probe x2  
  70  5:35  Charge  
  73  5:42  Probe  
  73  5:43  Probe  
  73  5:48  Templar Archives  
  73  5:49  Pylon  
  74  5:54  Probe  
  74  5:55  Probe  
  76  6:04  Pylon  
  76  6:07  Probe x2, Immortal  
  76  6:08  Shield Battery  
  82  6:19  Probe x2  
  82  6:20  Gateway  
  82  6:22  Gateway  
  84  6:25  Gateway  
  84  6:28  Gateway  
  84  6:31  Probe  
  85  6:34  High Templar x2  
  85  6:37  Zealot  
  85  6:39  Archon  
  91  6:41  Probe (Chrono Boost)  
  92  6:49  Pylon, Probe (Chrono Boost)  
  92  6:53  Assimilator  
  95  6:55  Probe (Chrono Boost)  
  95  6:56  Assimilator  
  95  6:58  Probe (Chrono Boost)  
  95  6:59  Probe (Chrono Boost)  
  96  7:02  Probe (Chrono Boost)  
  96  7:04  Zealot, Probe  
  96  7:07  High Templar x2  
  104  7:10  Zealot  
  104  7:11  Probe  
  104  7:13  Probe  
  108  7:16  Pylon, Probe  
  108  7:18  Pylon  
  108  7:21  Zealot  
  108  7:22  Zealot  
  113  7:23  Probe  
  113  7:24  High Templar  
  113  7:25  Probe  
  117  7:34  Probe  
  117  7:35  Probe  
  119  7:37  Probe  
  119  7:40  Pylon  
  119  7:43  High Templar  
  119  7:44  High Templar  
  124  7:46  Archon, Nexus, Probe  
  124  7:47  Pylon, High Templar  
  124  7:48  Probe  
  124  7:50  Archon  
  128  7:51  Zealot x2  
  132  7:59  Pylon  
  132  8:01  Pylon  
Tags
 
Composition
Archon Immortal
Matchup
PvP
Spawn Locations
Cross Positions
Add a new tag
Caveats
  • Supply blocks, unpowered buildings, or Contaminate may cause inaccurate times.
  • Supply counts are checked every 10 seconds.